 Dungeon Crawl Stone Soup version 0.26.1-2-gb8aa6d0cf2 (webtiles) character file.

Game seed: 16973690405407523402

126 H0rd4k the Charlatan (level 5, -4/38 HPs)
             Began as a Human Artificer on Feb 12, 2021.
             Slain by a gnoll
             ... wielding a +0 spear
              (7 damage)
             ... on level 3 of the Dungeon.
             The game lasted 00:03:47 (3569 turns).

H0rd4k the Charlatan (Human Artificer)              Turns: 3569, Time: 00:03:47

Health: -4/38      AC:  4    Str: 13    XL:     5   Next: 31%
Magic:  5/5        EV: 12    Int: 12    God:
Gold:   151        SH:  0    Dex: 13    Spells: 4/4 levels left

rFire    . . .     SeeInvis .   q - +0 long sword
rCold    . . .     Faith    .   (no shield)
rNeg     . . .     Spirit   .   b - +0 leather armour
rPois    .         Reflect  .   (no helmet)
rElec    .         Harm     .   r - +0 cloak
rCorr    .         Rampage  .   (no gloves)
Will     .....                  (no boots)
Stlth    ++........             (no amulet)
HPRegen  0.12/turn              (no ring)
MPRegen  0.09/turn              (no ring)

@: no status effects
A: no striking features
a: no special abilities


You were on level 3 of the Dungeon.
You visited 1 branch of the dungeon, and saw 4 of its levels.

You collected 151 gold pieces.

Inventory:

Hand Weapons
 a - a +0 club
 m - a +0 dagger
 q - a +0 long sword (weapon)
Missiles
 j - 10 poisoned darts (quivered)
Armour
 b - a +0 leather armour (worn)
 r - a +0 cloak (worn)
Jewellery
 f - an uncursed ring of resist corrosion {unknown}
 g - an uncursed ring of flight {unknown}
Wands
 c - a wand of flame (10)
 d - a wand of enslavement (12)
 e - a wand of random effects (8)
Scrolls
 h - 2 scrolls of teleportation {unknown}
 l - 7 scrolls of identify {unknown}
 p - a scroll of magic mapping {unknown}
Potions
 i - a potion of degeneration {unknown}
 k - a potion of might {unknown}
 n - a potion of berserk rage {unknown}
 o - a potion of heal wounds {unknown}


   Skills:
 + Level 1.8 Fighting
 + Level 0.7 Short Blades
 + Level 0.1(0.4) Long Blades
 + Level 2.9 Armour
 + Level 2.0 Dodging
 + Level 1.7 Stealth
 + Level 4.0 Evocations


You had 4 spell levels left.
You didn't know any spells.
Your spell library was empty.

Dungeon Overview and Level Annotations

Branches:
Dungeon (4/15)
 Temple: D:4-7

Altars:
Qazlal
Uskayaw
The Shining One


Message History

Press: ? - help, Shift-Dir - straight line Nothing appears to happen.
Something hits you.
Aiming: Random Effects
Press: ? - help, Shift-Dir - straight line Something hits you. x2
Aiming: Random Effects
Press: ? - help, Shift-Dir - straight line The fireball explodes!
The fireball engulfs something!
Something barely misses you.
Unknown command.
Something hits you. x2
You closely miss something. Something hits you but does no damage.
Something hits you.
You hit something. Something hits you. x2
* * * LOW HITPOINT WARNING * * *
Okay, then.
You hit something. Something hits you.
* * * LOW HITPOINT WARNING * * *
Something hits you!
You die...

...#
#..................###.##
...#
#..(...............###.##
...#
#.........)........##...#
...#
#.................##.....
...#
#........########.#......
.#.# #........# #....._..
## # #........# ###......
##.######........#
##.....
##..............@# ##...#
##..)...........{# ##.##
.#........##...... #..)
.......# #....... ####
...g...# #.........
.......# #...#######
.......# #... .......#
#... ..>....#


There were no monsters in sight!

Vanquished Creatures
  Jessica (D:2)
  A worker ant (D:4)
  An adder (D:2)
  An ooze (D:4)
  2 worms
  2 dart slugs (D:1)
  4 orcs
  7 bats
  2 giant cockroaches
  A goblin (D:3)
  7 hobgoblins
  2 kobolds (D:1)
  2 quokkas (D:4)
  A ball python (D:4)
  4 frilled lizards
  6 rats (D:1)
44 creatures vanquished.

Vanquished Creatures (collateral kills)
  A gnoll (D:3)
  2 hobgoblins (D:3)
  A quokka (D:3)
4 creatures vanquished.

Vanquished Creatures (others)
  An adder (D:3)
1 creature vanquished.

Grand Total: 49 creatures vanquished

Notes
Turn   | Place    | Note
-------+----------+-------------------------------------------
     0 | D:1      | H0rd4k the Human Artificer began the quest for the Orb.
     0 | D:1      | Reached XP level 1. HP: 15/15 MP: 1/1
     1 | D:1      | Noticed a vine stalker
     3 | D:1      | Noticed an octopode
     5 | D:1      | Noticed a vampire
    11 | D:1      | Noticed an elf
    18 | D:1      | Noticed a minotaur zombie
   368 | D:1      | Reached XP level 2. HP: 19/21 MP: 2/2
  1218 | D:1      | Reached XP level 3. HP: 19/26 MP: 3/3
  1738 | D:2      | Found a hide-covered altar of Uskayaw.
  1840 | D:2      | Noticed Jessica
  1843 | D:2      | Killed Jessica
  1844 | D:2      | Reached XP level 4. HP: 32/32 MP: 4/4
  2102 | D:2      | You fall into a shaft and drop 2 floors!
  2127 | D:4      | Found a glowing golden altar of the Shining One.
  3044 | D:4      | Reached skill level 4 in Evocations
  3044 | D:4      | Reached XP level 5. HP: 18/38 MP: 5/5
  3395 | D:3      | Found a stormy altar of Qazlal.
  3569 | D:3      | Slain by a gnoll

Illustrated notes

Levels and vault maps discovered:
D:1:      shiori_arrival_whats_in_store_for_you, layout_basic, minmay_cut_off
D:2:      layout_basic, eat_drink_and_be_merry_uskayaw, minmay_misc_feat_tower,
          hangedman_decor_peaks_small, skrybe_limestone_x, minmay_tetromino_s2,
          uniq_jessica
D:3:      minmay_wonky_spiral, layout_basic, kennysheep_okawaru_gauntlet,
          lemuel_round_altar
D:4:      layout_loops_corners, kennysheep_mini, minmay_close_crescents

Skill      XL: |  1  2  3  4  5 |
---------------+----------------+-----
Evocations     | 4 |  4.0
Dodging        | 2 |  2.0
Fighting       | |  1.8
Short Blades   | |  0.7
Long Blades    | |  0.1
Armour         | |  2.9
Stealth        | |  1.7

Action                   |  1- 3 |  4- 6 || total
-------------------------+-------+-------++-------
Melee: Club              |   118 |       ||   118
       Dagger            |    18 |    73 ||    91
       Long sword        |       |    28 ||    28
Evoke: Wand              |     5 |    22 ||    27
 Stab: Sleeping          |     3 |     1 ||     4
Armor: Leather armour    |    52 |    19 ||    71
Dodge: Dodged            |   101 |    55 ||   156
       Rpst.: Long sword |       |     6 ||     6
